 Dungeon Crawl Stone Soup version 0.32-a0-918-g0f22ef8 (webtiles) character file.

Game seed: 16512838614423544530

1 korenl137 the Chopper (level 1, -2/17 HPs)
             Began as a Mountain Dwarf Gladiator on Apr 10, 2024.
             Slain by a quokka (4 damage)
             ... on level 1 of the Dungeon.
             The game lasted 00:00:59 (132 turns).

korenl137 the Chopper (Mountain Dwarf Gladiator)     Turns: 132, Time: 00:00:59

Health: -2/17      AC:  7    Str: 16    XL:     1   Next: 16%
Magic:  1/1        EV:  8    Int:  8    God:
Gold:   0          SH:  0    Dex: 11    Spells: 0/0 levels left

rFire   . . .        a - +0 war axe
rCold   . . .        (no shield)
rNeg    . . .        d - +0 scale mail
rPois   .            c - +0 helmet
rElec   .            (no cloak)
rCorr   .            (no gloves)
SInv    .            (no boots)
Will    .....        (no amulet) Stlth
                     (no ring)
HPRegen 0.22/turn    (no ring)
MPRegen 0.07/turn

%: no passive effects
@: no status effects
A: runic magic, artefact enchanting
a: no special abilities


You were on level 1 of the Dungeon.
You visited 1 branch of the dungeon, and saw 1 of its levels.

Inventory:

Hand Weapons
 a - a +0 war axe (weapon)
Missiles
 v - a javelin (quivered)
 Z - 3 throwing nets {!f}
Armour
 c - a +0 helmet (worn)
 d - a +0 scale mail (worn)


   Skills:
 - Level 2.1 Fighting
 * Level 3.7 Axes
 - Level 1.5 Throwing
 + Level 0.1 Armour
 - Level 2.1 Dodging


You couldn't memorise any spells.
You didn't know any spells.
Your spell library was empty.

Dungeon Overview and Level Annotations

Branches:
Dungeon (1/15)

Altars:


Innate Abilities, Weirdness & Mutations

Your spellcasting is much less encumbered by armour.
You can use scrolls of enchantment on lesser artefacts.


Message History

Unknown command.
You hit the kobold.
You kill the kobold!
Things that are here:
a +0 dagger of electrocution; 2 stones HP restored.
Found a helmet.
HP Full. (17)
A quokka comes into view.
A quokka is nearby!
A quokka, a kobold and a ball python come into view.
The kobold shouts!
The ball python hisses angrily.
You hear a loud squeak.
The quokka bites you. The quokka closely misses you.
You take 1 HP, and have [16/17] HP You closely miss the quokka.
The quokka closely misses you.
HP Full. (17) Unknown command.
The quokka closely misses you.
A rat comes into view.
The quokka attacks as it pursues you!
The quokka bites you but does no damage.
The ball python attacks as it pursues you!
The ball python barely misses you. The ball python grabs you.
The ball python constricts you. The quokka bites you.
You take 4 HP, and have [13/17] HP !!!!!
HP Warning !!!!!
The ball python's grasp on you weakens, but your attempt to escape fails.
The ball python bites you. The ball python constricts you.
The quokka bites you.
You take 5 HP, and have [8/17] HP !!!!!
HP Warning !!!!!
The ball python's grasp on you weakens, but your attempt to escape fails.
The ball python bites you.
* * * LOW HITPOINT WARNING * * *
The ball python constricts you.
The quokka bites you but does no damage.
The quokka bites you.
* * * LOW HITPOINT WARNING * * *
The ball python bites you.
* * * LOW HITPOINT WARNING * * *
The ball python constricts you.
You take 6 HP, and have [2/17] HP !!!!!
HP Warning !!!!!
Unknown command.
Unknown command.
You escape the ball python's grasp.
Unknown command.
The quokka bites you.
You die...

#P~≈≈~P.<#.##..........
#~~≈~..###............#
#P≈≈≈≈.~# #..........
#≈≈≈≈~~.# #..........
#≈≈≈≈~.~#####.........#
#≈≈≈≈≈.###..?.SK.......
#≈≈≈≈≈~.######r########
#≈~~≈≈~~.#...r..##....
#~P~~≈~.P##...@....###
#P~P≈≈~~.#####........
#PP~~≈≈.######..###...
#~~~≈~.###.....## ..
#≈~~≈≈.###.##### .
#PP~≈~~.##...######
#PP~≈≈~~.#.#......#
#.P≈≈≈≈.##.######.#
#P.~~≈.###)#


You could see 2 quokkas, a ball python and a kobold.

Vanquished Creatures
  A kobold (D:1)
1 creature vanquished.

Notes
Turn   | Place    | Note
-------+----------+-------------------------------------------
     0 | D:1      | korenl137 the Mountain Dwarf Gladiator began the quest for
                  | the Orb.
     0 | D:1      | Reached XP level 1. HP: 17/17 MP: 1/1
   132 | D:1      | Slain by a quokka

Illustrated notes

Levels and vault maps discovered:
D:1:      lightli_arrival_windingriver, layout_rooms

Action                     || total
---------------------------++-------
  Melee: War axe           ||     2
 Armour: Scale mail        ||    15
  Dodge: Dodged            ||     6

Table legend: (Time is in decaauts)
 A = Elapsed time spent in this place.
 B = Non-inter-level travel time spent in this place.
 C = Inter-level travel time spent in this place.
 D = Time resting spent in this place.
 E = Time spent auto-exploring this place.
 F = Levels seen in this place.
 G = Mean time per level.
                   A        B        C        D        E       F      G
               +--------+--------+--------+--------+--------+-----+--------+
         Total |    134 |    134 |      0 |      0 |     94 |   1 |  134.0 |
       Dungeon |    134 |    134 |      0 |      0 |     94 |   1 |  134.0 |
               +--------+--------+--------+--------+--------+-----+--------+

Top non-repeatable levels by time:
     D:1: 134 daAuts
